 Dungeon Crawl Stone Soup version 0.14-a0-1974-gdb6e453 (webtiles) character file.

208 Kae the Chiller (level 4, -5/30 HPs)
             Began as a Merfolk Ice Elementalist on Jan 18, 2014.
             Slain by an orc
             ... wielding a +1,+3 orcish whip of venom
              (7 damage)
             ... on Level 3 of the Dungeon.
             The game lasted 00:05:08 (2999 turns).

Kae the Chiller (Merfolk Ice Elementalist)          Turns: 2999, Time: 00:05:09

HP  -5/30        AC  2     Str 13      XL: 4   Next: 98%
MP   9/9         EV 16     Int 15      God:
Gold 94          SH  0     Dex 14      Spells:  2 memorised,  6 levels left

rFire  . . .     SeeInvis .     (no weapon)
rCold  . . .     Clarity  .     a - +0 robe
rNeg   . . .     Conserve .     (no shield)
rPois  .         rCorr    .     (no helmet)
rElec  .         rRot     .     (no cloak)
SustAb . .       Spirit   .     (no gloves)
rMut   .         Warding  .     (no boots)
Saprov . . .     Stasis   .     (no amulet)
MR     .....                    g - cursed ring of hunger
                                o - +3 ring of evasion

@: mighty, mildly poisoned, not resistant to hostile enchantments, fairly
stealthy
A: change form in water, swift swim
a: no special abilities


You were on level 3 of the Dungeon.
You were very hungry.

You visited 1 branch of the dungeon, and saw 3 of its levels.

You collected 94 gold pieces.

Inventory:

Armour
 a - a +0 robe (worn)
Magical devices
 l - a wand of slowing (17) {unknown}
Comestibles
 c - 2 bread rations
 d - 6 grapes
 h - a rambutan
 m - a pear
Scrolls
 n - a scroll of enchant armour {unknown}
 p - a scroll of random uselessness {unknown}
 q - a scroll of curse jewellery {unknown}
 r - 3 scrolls of remove curse {unknown}
 s - a scroll of amnesia {unknown}
 t - a scroll of identify
Jewellery
 e - an uncursed ring of sustain abilities
 g - a cursed ring of hunger (right hand)
 o - a +3 ring of evasion (left hand)
Potions
 i - a potion of might
 j - a potion of heal wounds {unknown}
 k - a potion of curing {unknown}
Books
 b - a book of Frost

   Spells                             Type                      Level
   *Freeze                            Ice                          1
   *Throw Frost                       Conjuration/Ice              2
   Ozocubu's Armour                   Charms/Ice                   3
   Throw Icicle                       Conjuration/Ice              4
   Summon Ice Beast                   Ice/Summoning                4
   Condensation Shield                Ice                          4


   Skills:
 - Level 2.6 Dodging
 - Level 2.1 Stealth
 + Level 3.1 Spellcasting
 - Level 0.7 Conjurations
 * Level 5.2 Ice Magic


You had 6 spell levels left.
You knew the following spells:

 Your Spells              Type           Power        Failure   Level  Hunger
a - Freeze                Ice            ###.         2%          1    #......
b - Throw Frost           Conj/Ice       ##....       12%         2    ##.....


Dungeon Overview and Level Annotations

Branches:
Dungeon (3/16)

Altars:
Elyvilon


Message History

The orc wizard hits you with an orcish dagger.
You are too injured to fight recklessly!
Unknown command.
You see here a poisoned needle.
The orc hits you with a runed orcish whip.
* * * LOW HITPOINT WARNING * * *
You are poisoned.
* * * LOW HITPOINT WARNING * * *
You feel sick.
Drink which item? (? for menu, Esc to quit)
You feel refreshed.
It was a potion of restore abilities.
* * * LOW HITPOINT WARNING * * *
You feel sick.
Drink which item? (? for menu, Esc to quit)
You feel very mighty all of a sudden.
It was a potion of might.
* * * LOW HITPOINT WARNING * * *
You feel sick.
The orc hits you with an orcish whip of venom!
You die...

#.# #....>.. .. #.#
##.#.##.# ####. #.#
####....##.###.... #.#
#....#......##.##.
###.######.##....###)##.###
#..........#####.# #....# #
###.######## #.###.####
#.######### #.....#
#.......@.# ###.###
#########o# #.# #s# #.#
#########o# #.# ........(K#
#.. ###.......# ###
#....K..# ...[......
##?.......#


You could see an orc wizard, an orc, a giant cockroach and a kobold.

Vanquished Creatures
  2 adders (D:2)
  4 worms
  2 giant geckos
  An ooze (D:1)
  10 orcs
  6 bats
  5 giant cockroaches
  8 goblins
  5 hobgoblins
  10 kobolds
  2 quokkas (D:2)
  2 giant newts
  3 rats
60 creatures vanquished.

Notes
Turn   | Place    | Note
--------------------------------------------------------------
     0 | D:1      | Kae, the Merfolk Ice Elementalist, began the quest for the Orb.
     0 | D:1      | Reached XP level 1. HP: 13/13 MP: 3/3
   150 | D:1      | Reached XP level 2. HP: 19/19 MP: 1/5
  1001 | D:1      | Reached skill level 4 in Ice Magic
  1254 | D:1      | Reached XP level 3. HP: 11/24 MP: 0/6
  1905 | D:2      | Reached XP level 4. HP: 21/30 MP: 1/8
  2087 | D:2      | Found a white marble altar of Elyvilon.
  2171 | D:2      | Learned a level 2 spell: Throw Frost
  2369 | D:2      | Reached skill level 5 in Ice Magic
  2999 | D:3      | Slain by an orc

Action                   |  1- 3 |  4- 6 || total
-------------------------+-------+-------++-------
Melee: Unarmed           |    59 |    25 ||    84
 Cast: Freeze            |    65 |    48 ||   113
  Use: Scroll            |     3 |       ||     3
       Potion            |       |     2 ||     2
 Stab: Sleeping          |     2 |       ||     2
       Distracted        |       |     1 ||     1
